 Dungeon Crawl Stone Soup version 0.29-a0-557-g43b9904bd1 (webtiles) character file.

Game seed: 16174323703703496545

547 Hubjo the Changer (level 7, -1/52 HPs)
             Began as a Demonspawn Transmuter on June 8, 2022.
             Was a High Priest of Ignis.
             Slain by Duvessa
             ... wielding a +0 short sword
              (2 damage)
             ... on level 4 of the Dungeon.
             The game lasted 00:04:21 (3651 turns).

Hubjo the Changer (Demonspawn Transmuter)           Turns: 3651, Time: 00:04:21

Health: -1/52      AC:  2    Str: 11      XL:     7   Next: 7%
Magic:  11/11      EV: 17    Int: 13 (14) God:    Ignis [*****.]
Gold:   115        SH:  0    Dex: 19 (21) Spells: 11/12 levels left

rFire   + . .      SeeInvis +     - Unarmed
rCold   . . .      Faith    .   (no shield)
rNeg    . . .      Spirit   .   a - +0 robe
rPois   .          Reflect  .   (helmet currently unavailable)
rElec   .          Harm     .   (no cloak)
rCorr   .          Rampage  .   (no gloves)
Will    .....                   (boots currently unavailable)
Stlth   ++........              k - amulet of the acrobat
HPRegen 0.17/turn               f - +6 ring of dexterity
MPRegen 0.12/turn               e - ring of see invisible

@: agile, appendages
A: horns 2, talons 2, powered by pain 2, spiny 1, demonic touch 1
a: End Transformation, Renounce Religion, Fiery Armour, Foxfire Swarm, Rising
Flame


You were on level 4 of the Dungeon.
You worshipped Ignis.
Ignis was extremely pleased with you.
You had temporarily grown beastly horns and talons.
You visited 2 branches of the dungeon, and saw 5 of its levels.

You collected 115 gold pieces.

Inventory:

Armour
 a - a +0 robe (worn)
Jewellery
 e - a ring of see invisible (right hand)
 f - a +6 ring of dexterity (left hand)
 k - an amulet of the acrobat (around neck)
Wands
 p - a wand of paralysis (5)
Scrolls
 c - 2 scrolls of teleportation
 g - 2 scrolls of immolation
 j - a scroll of vulnerability {unknown}
 m - a scroll of fear {unknown}
 n - a scroll of amnesia {unknown}
 o - a scroll of magic mapping {unknown}
Potions
 b - a potion of lignification
 d - 2 potions of degeneration
 h - 2 potions of attraction {unknown}
 i - a potion of curing
 l - 2 potions of flight {unknown}


   Skills:
 + Level 3.3 Fighting
 - Level 1.7 Dodging
 + Level 2.7 Stealth
 + Level 3.8 Unarmed Combat
 + Level 3.3 Spellcasting
 * Level 4.1 Transmutations


You had 11 spell levels left.
You knew the following spells:

 Your Spells              Type           Power      Damage    Failure   Level
a - Beastly Appendage     Tmut           26%        N/A       4%          1

Your spell library contained the following spells:

 Spells                   Type           Power      Damage    Failure   Level
 Wereblood                Tmut           13%        N/A       6%          2
 Passwall                 Tmut/Erth      5%         N/A       14%         2
 Spider Form              Tmut/Pois      7%         N/A       28%         3
 Ensorcelled Hibernation  Hex/Ice        4%         N/A       34%         2
 Swiftness                Air            2%         N/A       56%         3
 Ice Form                 Ice/Tmut       7%         N/A       67%         4


Dungeon Overview and Level Annotations

Branches:
Dungeon (4/15)             Temple (1/1) D:4

Altars:
Ashenzari
Dithmenos
Elyvilon
Gozag
Hepliaklqana
Kikubaaqudgha
Nemelex Xobeh
Okawaru
Qazlal
Uskayaw
Vehumet
Wu Jian
Xom
Yredelemnul
Zin
The Shining One
Ignis

Shops:
D:1 *

Annotations:
D:4 Dowan, Duvessa


Innate Abilities, Weirdness & Mutations

You have temporarily grown beastly horns and talons.
You sometimes gain power by taking damage.
You are partially covered in sharp spines.
Your touch may inflict minor irresistible damage on your foes.


Message History

Dowan points at you and mumbles some strange words.
You resist with some effort. Dowan barely misses you.
Duvessa is struck by your spines. Duvessa completely misses you.
Duvessa closely misses you.
You hit Duvessa. You claw Duvessa, but do no damage. You headbutt Duvessa.
Duvessa is moderately wounded.
Dowan says, "Stay away from my face!"
Dowan is struck by your spines. Dowan hits you with a +0 dagger!
Duvessa is struck by your spines. Duvessa hits you with a +0 short sword.
You hit Duvessa. You headbutt Duvessa.
Duvessa is heavily wounded.
Duvessa hits you with a +0 short sword! Dowan is struck by your spines.
Dowan closely misses you.
You barely miss Duvessa. You claw Duvessa, but do no damage.
Duvessa is heavily wounded.
Duvessa hits you with a +0 short sword.
Dowan casts a spell at Duvessa.
Duvessa seems to speed up.
You hit Duvessa but do no damage. Your kick misses Duvessa.
Your touch misses Duvessa.
Duvessa is heavily wounded.
Duvessa is struck by your spines. Duvessa hits you with a +0 short sword.
Dowan hits you with a +0 dagger.
You hit Duvessa but do no damage. You claw Duvessa, but do no damage.
You headbutt Duvessa.
Duvessa is severely wounded.
Duvessa is struck by your spines. Duvessa hits you with a +0 short sword!
* * * LOW HITPOINT WARNING * * *
You focus on the pain.
You feel agile all of a sudden.
You barely miss Duvessa.
Duvessa is severely wounded.
Duvessa says, "Practise, practise, practise!
One day you'll be as good as me." Duvessa hits you with a +0 short sword!
* * * LOW HITPOINT WARNING * * *
Dowan hits you with a +0 dagger.
* * * LOW HITPOINT WARNING * * *
Duvessa hits you with a +0 short sword.
You die...

#.. . # ######.#. #.# . .
......... #.# .#.# #. #####... ##
#.###.#.####### ###^######... .##
#.............. .........>...
..###.............# #........#...
....'.....# ##..#.# #........#...
#####.##..#.###.#e###........#...
..).#...........@e.).........#...
(..##.##..######.####........#...
.[ #.....# #..# #........#...
#.##..# ##.#######....#...
#####.# .#### #..# #....##..
......##..##<# ##.# #....##..
###<......##.# ##'## #....##..
.##.####..##.# #...# #....##..
#.#.......##.# #...# #....##..


You could see Duvessa (fast) and Dowan.

Vanquished Creatures
  Sigmund (D:4)
  A scorpion (D:4)
  An orc priest (D:4)
  Natasha (thrice) (D:4)
  An orc wizard (D:4)
  Robin (D:4)
  4 adders
  A worm (D:2)
  2 dart slugs
  3 orcs (D:4)
  6 ball pythons
  5 endoplasms
  A giant cockroach (D:2)
  8 goblins
  9 hobgoblins
  9 jackals
  4 kobolds
  2 quokkas
  A bat (D:2)
  2 frilled lizards (D:2)
  3 rats
68 creatures vanquished.

Vanquished Creatures (collateral kills)
  An ogre (D:4)
1 creature vanquished.

Grand Total: 69 creatures vanquished

Notes
Turn   | Place    | Note
-------+----------+-------------------------------------------
     0 | D:1      | Hubjo the Demonspawn Transmuter began the quest for the
                  | Orb.
     0 | D:1      | Reached XP level 1. HP: 15/15 MP: 3/3
   227 | D:1      | Found Xosad's Assorted Antiques.
   230 | D:1      | Gained mutation: Your touch may inflict minor irresistible
                  | damage on your foes. [demonic ancestry]
   230 | D:1      | Reached XP level 2. HP: 21/21 MP: 3/5
   286 | D:1      | Reached skill level 2 in Transmutations
   843 | D:1      | Found a faded altar of an unknown god.
   854 | D:1      | Prayed at the altar of an unknown god.
   854 | D:1      | Became a worshipper of Ignis, the Dying Flame
  1171 | D:2      | Reached skill level 1 in Stealth
  1364 | D:2      | Reached XP level 3. HP: 26/27 MP: 4/6
  1826 | D:2      | Gained mutation: You sometimes gain a little power by
                  | taking damage. [demonic ancestry]
  1826 | D:2      | Reached XP level 4. HP: 17/33 MP: 7/7
  2113 | D:3      | You fall into a shaft and drop 1 floor!
  2217 | D:4      | Noticed a scorpion
  2230 | D:4      | Killed a scorpion
  2231 | D:4      | Gained mutation: You are partially covered in sharp spines.
                  | [demonic ancestry]
  2231 | D:4      | Reached XP level 5. HP: 11/39 MP: 8/8
  2490 | D:4      | Noticed Natasha
  2496 | D:4      | Killed Natasha
  2497 | D:4      | Reached skill level 3 in Transmutations
  2802 | D:4      | Noticed Natasha
  2809 | D:4      | Killed Natasha
  2827 | D:4      | Noticed Natasha
  2832 | D:4      | Killed Natasha
  2888 | D:4      | Noticed Sigmund
  2900 | D:4      | Killed Sigmund
  2901 | D:4      | Reached XP level 6. HP: 46/47 MP: 10/10
  2904 | D:4      | Noticed Robin
  2917 | D:4      | Killed Robin
  3006 | D:4      | HP: 1/47 [ogre/+0 giant spiked club (16)]
  3009 | D:4      | Reached skill level 4 in Transmutations
  3009 | D:4      | Gained mutation: You sometimes gain power by taking damage.
                  | [demonic ancestry]
  3009 | D:4      | Reached XP level 7. HP: 2/52 MP: 11/11
  3363 | D:4      | Found a staircase to the Ecumenical Temple.
  3373 | Temple   | Entered the Ecumenical Temple
  3637 | D:4      | Noticed Duvessa
  3637 | D:4      | Noticed Dowan
  3651 | D:4      | HP: 1/52 [Dowan/+0 dagger (4)]
  3651 | D:4      | Slain by Duvessa

Illustrated notes

Levels and vault maps discovered:
D:1:      eino_arrival_cavern_e, layout_basic,
          ebering_ecumenical_altar_abandoned, serial_shops, shop
D:2:      layout_basic, minmay_split_cup_large
D:3:      layout_loops_corners
D:4:      layout_basic, minmay_temple_entry_proselytizer, minmay_pentangle,
          uniq_sigmund, uniq_natasha, uniq_robin, uniq_duvessa
Temple:   regret_index_temple_sphere_string

Skill      XL: |  1  2  3  4  5  6 |
---------------+-------------------+-----
Transmutations | 2 3 4 |  4.1
Stealth        | 1 2 |  2.7
Fighting       | 2 3 |  3.3
Unarmed Combat | 3 |  3.8
Spellcasting   | 3 |  3.3
Dodging        | |  1.7

Action                   |  1- 3 |  4- 6 |  7- 9 || total
-------------------------+-------+-------+-------++-------
Melee: Unarmed           |    89 |    60 |    11 ||   160
       Kick              |    25 |    16 |     5 ||    46
       Headbutt          |     8 |    17 |     4 ||    29
       Touch             |     8 |     7 |     1 ||    16
       Punch             |     1 |     2 |       ||     3
 Cast: Beastly Appendage |    23 |    20 |     2 ||    45
  Use: Scroll            |       |     4 |       ||     4
       Potion            |       |     1 |       ||     1
 Stab: Sleeping          |     3 |     1 |       ||     4
Armor: Robe              |    12 |     7 |       ||    19
Dodge: Dodged            |    49 |    33 |     9 ||    91

Table legend: (Time is in decaauts)
 A = Elapsed time spent in this place.
 B = Non-inter-level travel time spent in this place.
 C = Inter-level travel time spent in this place.
 D = Time resting spent in this place.
 E = Time spent auto-exploring this place.
 F = Levels seen in this place.
 G = Mean time per level.
                   A        B        C        D        E       F      G
               +--------+--------+--------+--------+--------+-----+--------+
         Total |   3641 |   3552 |     89 |      0 |   3040 |   5 |  728.2 |
       Dungeon |   3405 |   3391 |     14 |      0 |   2897 |   4 |  851.2 |
        Temple |    235 |    160 |     75 |      0 |    143 |   1 |  235.0 |
               +--------+--------+--------+--------+--------+-----+--------+

Top non-repeatable levels by time:
     D:4: 1297 daAuts
     D:2: 1048 daAuts
     D:1: 1026 daAuts
  Temple: 235 daAuts
     D:3: 33 daAuts
